 Seeded DCSS version 0.28.0-53-g5a82cb258f (webtiles) character file.

Game seed: 20220814 (custom seed)

1908 cbfl8 the Fighter (level 8, 0/77 HPs)
             Began as a Minotaur Berserker on Aug 14, 2022.
             Was a Believer of Trog.
             Succumbed to an orc's poison
             ... on level 7 of the Dungeon.
             The game lasted 00:05:10 (6659 turns).

cbfl8 the Fighter (Minotaur Berserker)              Turns: 6659, Time: 00:05:11

Health: 0/77       AC: 13    Str: 22    XL:     8   Next: 94%
Magic:  7/7        EV: 10    Int:  4    God:    Trog [**....]
Gold:   92         SH:  0    Dex: 12    Spells: 7/7 levels left

rFire   . . .      SeeInvis +   l - +1 war axe (vorpal)
rCold   . . .      Faith    .   (no shield)
rNeg    . . .      Spirit   .   n - +0 chain mail
rPois   .          Reflect  .   (helmet restricted)
rElec   .          Harm     .   (no cloak)
rCorr   .          Rampage  .   w - +0 pair of gloves
Will    .....                   v - +0 pair of boots
Stlth   ..........              (no amulet)
HPRegen 0.22/turn               s - ring of see invisible
MPRegen 0.10/turn               (no ring)

@: mighty, lethally poisoned (0 -> -32)
A: horns 2, retaliatory headbutt
a: Renounce Religion, Berserk, Trog's Hand


You were on level 7 of the Dungeon.
You worshipped Trog.
Trog was pleased with you.
You visited 1 branch of the dungeon, and saw 7 of its levels.

You collected 204 gold pieces.
You spent 112 gold pieces at shops.

Inventory:

Hand Weapons
 l - a +1 vorpal war axe (weapon)
Armour
 n - a +0 chain mail (worn)
 v - a +0 pair of boots (worn)
 w - a +0 pair of gloves (worn)
Jewellery
 s - a ring of see invisible (left hand)
Wands
 b - a wand of iceblast (8)
 t - a wand of paralysis (5) (quivered)
Scrolls
 a - 2 scrolls of summoning {unknown}
 c - 2 scrolls of noise {unknown}
 d - a scroll of blinking
 f - a scroll of teleportation
 i - a scroll of enchant weapon
 k - a scroll of brand weapon
 o - a scroll of immolation
 u - a scroll of magic mapping {unknown}
 x - a scroll of fog {unknown}
Potions
 e - 2 potions of lignification {unknown}
 g - 2 potions of curing {unknown}
 h - 2 potions of magic {unknown}
 j - a potion of flight {unknown}
 m - 3 potions of heal wounds {unknown}
 p - a potion of might
 q - 2 potions of attraction {unknown}
 r - 2 potions of ambrosia {unknown}


   Skills:
 * Level 8.8 Fighting
 - Level 4.5 Axes
 + Level 6.6 Armour
 * Level 5.4 Dodging
 * Level 3.5 Stealth
 * Level 3.7 Evocations


You had 7 spell levels left.
You didn't know any spells.
Your spell library was empty.

Dungeon Overview and Level Annotations

Branches:
Dungeon (7/15)             Temple (0/1) D:7

Altars:
Cheibriados
Fedhas

Shops:
D:2 ?   D:3 ?   D:5 *

Annotations:
D:4 2 transporters


Innate Abilities, Weirdness & Mutations

You have a pair of horns on your head.
You reflexively headbutt those who attack you in melee.


Message History

You are poisoned.
The orc priest hits you but does no damage.
The orc barely misses you.
The orc priest hits you with a +0 flail.
You barely miss the orc priest. Your headbutt misses the orc priest.
The orc priest is severely wounded.
You feel very sick.
The orc hits you from afar with a +1 trident of venom.
You are more poisoned.
The orc priest hits you with a +0 flail.
Unknown command.
You slash the orc priest!
You kill the orc priest!
Trog accepts your kill.
You feel extremely sick.
The orc hits you from afar with a +1 trident of venom.
You are more poisoned.
Unknown command.
You are too injured to fight recklessly!
Unknown command.
Found a scroll labelled MEIPIA YDUEK.
You feel very sick. The orc hits you but does no damage.
Things that are here:
a +0 short sword; a +0 ring mail; an orc corpse You completely miss the orc.
Your headbutt misses the orc.
* * * LOW HITPOINT WARNING * * *
You feel very sick. The orc hits you but does no damage.
You are lethally poisoned!
You feel very mighty all of a sudden.
* * * LOW HITPOINT WARNING * * *
You feel very sick.
The orc hits you with a +1 trident of venom.
* * * LOW HITPOINT WARNING * * *
You are more poisoned.
You slash the orc!
You kill the orc!
Trog accepts your kill.
You die...

# #.# # #.# .? # #.# .#
## #.# .# .## #.# .##
.?## #.# .. #..## #.#
o# #...###.## ##)##
#.#......#######@).####
##....................+
#...#..#######.......##
...#....# #.##.##.#
>.#####..# #(# .# # ..
.## #.# .# #. ## #.# .#
## #.# .# #.# .#


You could see an orc.

Vanquished Creatures
  Eustachio (D:6)
  A water moccasin (D:6)
  A black bear (D:6)
  An ice beast (D:4)
  4 ogres
  A necrophage (D:5)
  A phantom (D:3)
  5 scorpions
  A water moccasin zombie (D:6)
  2 jellies
  5 hounds
  A centaur skeleton (D:4)
  3 orc priests
  A gnoll shaman (D:4)
  2 orc wizards
  A hound zombie (D:5)
  A hound skeleton (D:4)
  8 gnolls
  A howler monkey skeleton (D:5)
  6 adders
  2 dart slugs
  9 orcs
  7 ball pythons
  5 endoplasms
  A giant cockroach (D:1)
  6 goblins
  4 hobgoblins
  6 kobolds
  3 quokkas
  A bat (D:1)
  5 frilled lizards
  5 rats
101 creatures vanquished.

Notes
Turn   | Place    | Note
-------+----------+-------------------------------------------
     0 | D:1      | cbfl8 the Minotaur Berserker began the quest for the Orb.
     0 | D:1      | Reached XP level 1. HP: 19/19 MP: 0/0
   435 | D:1      | Found a faded altar of an unknown god.
   995 | D:1      | Reached XP level 2. HP: 27/27 MP: 1/1
  1481 | D:2      | Found Seet's Magic Scroll Shoppe.
  1488 | D:2      | Bought a scroll of identify for 24 gold pieces
  1613 | D:2      | Reached XP level 3. HP: 33/33 MP: 2/2
  1977 | D:2      | Reached skill level 4 in Fighting
  2094 | D:3      | Reached ** piety under Trog
  2137 | D:3      | Found Coadgh's Magic Scroll Emporium.
  2141 | D:3      | Bought a scroll of identify for 20 gold pieces
  2142 | D:3      | Bought a scroll of identify for 20 gold pieces
  2625 | D:3      | Noticed a phantom
  2641 | D:3      | Killed a phantom
  2642 | D:3      | Reached skill level 1 in Stealth
  2642 | D:3      | Reached skill level 1 in Evocations
  2642 | D:3      | Reached XP level 4. HP: 41/41 MP: 3/3
  2642 | D:3      | Reached XP level 5. HP: 47/47 MP: 4/4
  2742 | D:3      | Found a blossoming altar of Fedhas.
  2795 | D:4      | Found a transporter.
  2807 | D:4      | Noticed a kobold demonologist
  2843 | D:4      | Found a transporter.
  2943 | D:4      | Reached skill level 5 in Fighting
  3104 | D:4      | Noticed an ice beast
  3117 | D:4      | Killed an ice beast
  3118 | D:4      | Reached XP level 6. HP: 38/56 MP: 5/5
  3286 | D:4      | Reached skill level 6 in Fighting
  3548 | D:4      | Reached XP level 7. HP: 54/63 MP: 6/6
  3776 | D:5      | Entered Level 5 of the Dungeon
  3890 | D:5      | Found Qitwuu Deqa's General Store.
  3894 | D:5      | Bought a potion of might for 48 gold pieces
  4802 | D:5      | Reached skill level 7 in Fighting
  5389 | D:6      | Reached XP level 8. HP: 52/73 MP: 7/7
  5594 | D:6      | Reached skill level 5 in Armour
  5806 | D:6      | Noticed Eustachio
  5817 | D:6      | Killed Eustachio
  5818 | D:6      | Reached skill level 5 in Dodging
  5820 | D:6      | Reached skill level 8 in Fighting
  6332 | D:6      | Found a snail-covered altar of Cheibriados.
  6377 | D:7      | Found a staircase to the Ecumenical Temple.
  6659 | D:7      | Succumbed to an orc's poison

Illustrated notes

Levels and vault maps discovered:
D:1:      noname_arrival_rooms_in_the_neighbourhood, layout_basic,
          basic_ecumenical_altar
D:2:      layout_loops_ring, serial_shops, nicolae_shop_hallway_plus,
          chequers_mini_garden
D:3:      layout_basic, mainiacjoe_overflow_alcove_2, serial_shops,
          nicolae_shop_behind_doors, solitary_fountain
D:4:      gammafunk_wand_slinger, layout_basic, hangedman_decor_slide_cut
D:5:      layout_basic, serial_shops, shop, chequers_serial_rivers_large_b
D:6:      layout_basic, general_overflow_altar, uniq_eustachio
D:7:      layout_loops_corners, lemuel_round_altar, minmay_temple_entry_arrows,
          grunt_ministairs_1, minmay_three_doors, uniq_duvessa,
          uniq_crazy_yiuf_cottage, uniq_maggie, uniq_pikel

Skill      XL: |  1  2  3  4  5  6  7  8 |
---------------+-------------------------+-----
Axes           | 4 |  4.5
Fighting       | 4 5 6 7 8 |  8.8
Dodging        | 3 4 5 |  5.4
Stealth        | 1 2 3 |  3.5
Evocations     | 1 2 3 |  3.7
Armour         | 3 4 6 |  6.6

Action                   |  1- 3 |  4- 6 |  7- 9 || total
-------------------------+-------+-------+-------++-------
Melee: Hand axe          |   102 |    53 |    22 ||   177
       Headbutt          |    11 |    11 |    35 ||    57
       Punch             |     3 |       |     2 ||     5
       War axe           |       |       |    92 ||    92
Invok: Berserk           |     2 |     1 |     2 ||     5
  Use: Scroll            |     5 |       |     1 ||     6
       Potion            |       |       |     1 ||     1
 Stab: Sleeping          |     2 |       |       ||     2
Armor: Animal skin       |     8 |       |       ||     8
       Chain mail        |    11 |    29 |    66 ||   106
Dodge: Dodged            |    62 |    27 |    51 ||   140
